 Dungeon Crawl Stone Soup version 0.27.1-3-gb3d3a73c9e (webtiles) character file.

Game seed: 2103354046975439035

4687 bnorton916 the Jinx (level 10, -14/50 HPs)
             Began as a Deep Elf Conjurer on Oct 14, 2021.
             Was a Believer of Vehumet.
             Shot with an arrow by a centaur warrior (18 damage)
             ... on level 9 of the Dungeon.
             The game lasted 00:18:54 (13261 turns).

bnorton916 the Jinx (Deep Elf Conjurer)            Turns: 13261, Time: 00:18:55

Health: -14/50     AC: 10    Str:  5    XL:     10   Next: 21%
Magic:  10/20      EV: 14    Int: 26    God:    Vehumet [**....]
Gold:   329        SH:  0    Dex: 13    Spells: 7/19 levels left

rFire    . . .     SeeInvis +   l - +1 demon whip (venom)
rCold    . . .     Faith    .   (no shield)
rNeg     . . .     Spirit   .   z - +0 troll leather armour
rPois    .         Reflect  .   c - +0 helmet
rElec    .         Harm     .   C - +1 cloak
rCorr    .         Rampage  .   h - +1 pair of gloves
Will     +....                  (no boots)
Stlth    ++........             E - amulet of regeneration
HPRegen  2.16/turn              u - ring of see invisible
MPRegen  0.17/turn              (no ring)

@: no status effects
A: no striking features
a: Renounce Religion


You were on level 9 of the Dungeon.
You worshipped Vehumet.
Vehumet was pleased with you.
You visited 1 branch of the dungeon, and saw 9 of its levels.

You collected 385 gold pieces.
You spent 56 gold pieces at shops.

Inventory:

Hand Weapons
 b - a +2 dagger of speed
 l - a +1 demon whip of venom (weapon)
 q - a +2 whip of draining
Missiles
 o - a throwing net
 p - 148 stones
Armour
 c - a +0 helmet (worn)
 h - a +1 pair of gloves (worn)
 v - +0 swamp dragon scales
 z - a +0 troll leather armour (worn)
 C - a +1 cloak (worn)
 G - +0 steam dragon scales
Magical Staves
 j - a staff of poison
 x - a staff of earth
Jewellery
 u - a ring of see invisible (left hand)
 B - a ring of flight
 E - an amulet of regeneration (around neck)
Wands
 a - a wand of polymorph (7)
 e - a wand of digging (5)
 m - a wand of flame (40)
 w - a wand of paralysis (5)
 D - a wand of mindburst (10)
Scrolls
 d - 8 scrolls of teleportation
 r - 4 scrolls of identify
 s - a scroll of enchant armour {unknown}
 t - a scroll of fear {unknown}
 y - a scroll of summoning {unknown}
 A - a scroll of enchant weapon {unknown}
 F - a scroll of amnesia
Potions
 f - a potion of attraction {unknown}
 g - 3 potions of curing {unknown}
 i - 2 potions of magic
 k - 4 potions of flight
 n - 2 potions of lignification {unknown}


   Skills:
 - Level 4.0 Armour
 + Level 8.1 Dodging
 - Level 2.4 Stealth
 - Level 5.4 Spellcasting
 - Level 5.8 Conjurations
 - Level 8.4 Hexes
 - Level 7.0 Translocations
 + Level 7.5 Earth Magic


You had 7 spell levels left.
You knew the following spells:

 Your Spells              Type           Power      Damage    Failure   Level
a - Magic Dart            Conj           100%       1d8       1%          1
b - Searing Ray           Conj           74%        3d6       1%          2
c - Fulminant Prism       Conj/Hex       22%        3d13      6%          4
d - Iskenderun's Mystic   Conj/Tloc      40%        2d9       9%          4
e - Sandblast             Erth           92%        2d19      1%          1

Your spell library contained the following spells:

 Spells                   Type           Power      Damage    Failure   Level
 Static Discharge         Conj/Air       22%        N/A       5%          2
 Dazzling Flash           Conj/Hex       88%        N/A       1%          3
 Gell's Gravitas          Tloc           21%        N/A       1%          3
 Lesser Beckoning         Tloc           21%        N/A       1%          3
 Teleport Other           Tloc           43%        N/A       1%          3
 Chain Lightning          Conj/Air       11%        3d14      100%        9
 Fire Storm               Conj/Fire      11%        8d3       100%        9


Dungeon Overview and Level Annotations

Branches:
Dungeon (9/15)             Temple (0/1) D:7
   Lair: D:8-11         Orc: D:9-12

Altars:
Fedhas
Nemelex Xobeh
Ru
Vehumet

Shops:
D:3 !

Annotations:
D:8 exclusion: ice statue


Message History

Confirm with . or Enter, or press ? or * to list all spells.
Aiming: Sandblast (safe; 1% risk of failure)
Press: ? - help, Shift-Dir - straight line, f/p - wyvern
Aim: a wyvern (almost dead, 83% to hit)
The blast of sand hits the wyvern!
You kill the wyvern!
Vehumet accepts your kill.
p - 148 stones You open the door.
A deep elf pyromancer and a centaur warrior come into view.
The centaur warrior shouts!
A centaur warrior comes into view.
The centaur warrior wields a +0 shortbow.
The centaur warrior shoots an arrow.
The arrow closely misses you.
You hear a roar!
Found a jewelled whip.
You close the door.
Something unseen opens the door.
Casting: Sandblast (safe; 1% risk of failure)
Confirm with . or Enter, or press ? or * to list all spells.
Aiming: Fulminant Prism (dangerous; 6% risk of failure)
Press: ? - help, Dir - move target You conjure a prism of explosive energy!
A fulminant prism comes into view.
The centaur warrior shoots an arrow.
The arrow hits you!
Unknown command.
The centaur warrior shoots an arrow.
The arrow hits you!
The centaur warrior shoots an arrow.
The arrow hits you!!
* * * LOW HITPOINT WARNING * * *
You hear a loud crackle.
Casting: Fulminant Prism (dangerous; 6% risk of failure)
Confirm with . or Enter, or press ? or * to list all spells.
Aiming: Searing Ray (safe; 1% risk of failure)
Press: ? - help, Shift-Dir - straight line, f - centaur warrior
Aim: a centaur warrior, wielding a +0 shortbow and quivering arrows (86% to hit)
The searing ray hits the centaur warrior!
The centaur warrior is lightly wounded. (Press . to maintain the ray.)
The centaur warrior shoots an arrow.
The arrow hits you!!
You die...

.> #. #.# #
...#.# ...
### ......#
##.### ...
.......##
.... .# #.
#..###c###..#
#
##*.c......#
##.########
#........#
#@######.#
#.######
#......#
######.# #.#
#.# #.# #.#
#.# #########


You could see a centaur warrior.

Vanquished Creatures
  3 ice devils (D:8)
  2 trolls
  3 yaks (D:9)
  2 wyverns (D:9)
  A steam dragon (D:9)
  3 water moccasins
  3 orc warriors
  A hornet zombie (D:6)
  4 ogres
  A sky beast (D:6)
  3 centaurs
  2 phantoms
  A kobold brigand (D:8)
  A bullfrog (D:9)
  2 scorpions
  A water moccasin skeleton (D:5)
  2 killer bees (D:9)
  A howler monkey (D:6)
  A wight (D:9)
  A bullfrog zombie (D:3)
  A centaur zombie (D:6)
  A jelly (D:7)
  A hound (D:7)
  An orc priest (D:7)
  2 bullfrog skeletons
  4 iguanas
  5 orc wizards
  3 hound skeletons (D:4)
  2 howler monkey zombies
  Robin (D:4)
  7 adders
  3 gnolls (D:4)
  A shadow imp (D:8)
  5 ufetubi (D:8)
  3 worms (D:4)
  2 dart slugs (D:1)
  21 orcs
  5 endoplasms
  A giant cockroach (D:4)
  14 goblins
  9 hobgoblins
  3 quokkas
  8 ball pythons
  2 bats
  4 frilled lizards
  11 kobolds
  8 rats
166 creatures vanquished.

Vanquished Creatures (others)
  29 fulminant prisms
29 creatures vanquished.

Grand Total: 195 creatures vanquished

Notes
Turn   | Place    | Note
-------+----------+-------------------------------------------
     0 | D:1      | bnorton916 the Deep Elf Conjurer began the quest for the
                  | Orb.
     0 | D:1      | Reached XP level 1. HP: 10/10 MP: 6/6
   353 | D:1      | Reached XP level 2. HP: 15/15 MP: 6/8
  1165 | D:2      | Reached skill level 5 in Conjurations
  1177 | D:2      | Reached XP level 3. HP: 19/19 MP: 7/10
  1335 | D:2      | Found a faded altar of an unknown god.
  1577 | D:2      | Learned a level 2 spell: Searing Ray
  1633 | D:3      | Reached XP level 4. HP: 13/24 MP: 3/12
  1875 | D:3      | Found Kophora's Distillery.
  1880 | D:3      | Bought a potion of degeneration for 14 gold pieces
  1880 | D:3      | Bought a potion of flight for 42 gold pieces
  1929 | D:3      | Found a blossoming altar of Fedhas.
  1929 | D:3      | Found a sacrificial altar of Ru.
  1944 | D:3      | Found a radiant altar of Vehumet.
  1954 | D:3      | Became a worshipper of Vehumet
  2261 | D:3      | Reached skill level 5 in Spellcasting
  2371 | D:4      | Noticed Robin
  2471 | D:4      | Killed Robin
  2489 | D:4      | Noticed a scorpion
  2508 | D:4      | HP: 1/24 [poisoned by a scorpion]
  2703 | D:4      | Reached * piety under Vehumet
  2703 | D:4      | Offered knowledge of Sandblast by Vehumet.
  2704 | D:4      | Reached XP level 5. HP: 19/28 MP: 8/14
  2709 | D:4      | Learned a level 4 spell: Fulminant Prism
  2714 | D:4      | Learned a level 4 spell: Iskenderun's Mystic Blast
  2716 | D:4      | Learned a level 1 spell: Sandblast
  2883 | D:4      | Reached skill level 1 in Hexes
  2932 | D:4      | Reached skill level 1 in Translocations
  3182 | D:4      | Reached XP level 6. HP: 32/32 MP: 12/16
  4351 | D:5      | Entered Level 5 of the Dungeon
  4844 | D:5      | Reached skill level 5 in Hexes
  4844 | D:5      | Reached XP level 7. HP: 23/36 MP: 11/17
  5661 | D:6      | Reached skill level 5 in Translocations
  6456 | D:6      | Reached XP level 8. HP: 41/41 MP: 13/18
  6843 | D:6      | Offered knowledge of Freeze by Vehumet.
  7950 | D:7      | Reached ** piety under Vehumet
  7951 | D:7      | Reached skill level 1 in Earth Magic
  8438 | D:7      | Reached skill level 1 in Armour
  8971 | D:7      | Found a staircase to the Ecumenical Temple.
  8995 | D:7      | Reached XP level 9. HP: 45/45 MP: 13/19
  9261 | D:8      | Noticed a troll
  9270 | D:8      | Killed a troll
  9595 | D:8      | Noticed an ice devil
  9595 | D:8      | Noticed an ice devil
  9595 | D:8      | Noticed an ice devil
  9595 | D:8      | Noticed an ice devil
  9596 | D:8      | Noticed an ice statue
  9608 | D:8      | Noticed an ice devil
  9608 | D:8      | Noticed an ice devil
  9882 | D:8      | Noticed an ice devil
  9895 | D:8      | Killed an ice devil
  9896 | D:8      | Reached skill level 5 in Dodging
 10690 | D:8      | Killed an ice devil
 10690 | D:8      | Killed an ice devil
 10691 | D:8      | Reached skill level 5 in Earth Magic
 11173 | D:8      | Offered knowledge of Static Discharge by Vehumet.
 11567 | D:8      | Found a sparkling altar of Nemelex Xobeh.
 12362 | D:9      | Noticed a troll
 12368 | D:9      | Killed a troll
 12691 | D:9      | Reached XP level 10. HP: 50/50 MP: 16/20
 12904 | D:9      | Identified the +7 whip "Qiuk" {speed, rPois}
 12904 | D:9      | Noticed a purple ugly thing
 12905 | D:9      | Noticed a centaur warrior
 12905 | D:9      | Noticed a death drake
 12906 | D:9      | Noticed a red ugly thing
 12907 | D:9      | Noticed a manticore
 13253 | D:9      | Noticed a centaur warrior
 13253 | D:9      | Noticed a deep elf pyromancer
 13253 | D:9      | Noticed a centaur warrior
 13260 | D:9      | HP: 2/50 [centaur warrior/arrow (21)]
 13261 | D:9      | Shot with an arrow by a centaur warrior

Illustrated notes

Levels and vault maps discovered:
D:1:      dpeg_arrival_boxorama, layout_loops_corners, minmay_tetromino_o2
D:2:      layout_rooms, shapermc_ecumenical_altar_gd
D:3:      layout_rooms, nicolae_vehumet_altar_sigil,
          gammafunk_temple_overflow_elements, serial_shops, shop,
          minmay_misc_feat_tower
D:4:      layout_loops_cross, gup_sewer_entry_bubbles, uniq_robin
D:5:      layout_gridville, serial_bayou, serial_bayou_shore_b,
          serial_bayou_shore_b, serial_bayou_pond_a, serial_bayou_crossing,
          serial_bayou_pond_d, serial_bayou_shore_a
D:6:      layout_loops_ring, kennysheep_generic_room_14
D:7:      layout_basic, temple_pool_b
D:8:      cheibrodos_frozen_isle, layout_rooms, nemelex_spade_bored_becter
D:9:      minmay_the_grid_octo_tiled_octocenter
          [minmay_the_grid_octo_fan_narrow, minmay_the_grid_octo_concentric,
          minmay_the_grid_octo_teeth, minmay_the_grid_octo_clover,
          minmay_the_grid_octo_prize_square_snowflake,
          minmay_the_grid_square_5x5_n_small,
          minmay_the_grid_square_5x5_shrine1,
          minmay_the_grid_square_5x5_percent, minmay_the_grid_square_5x5_three],
          layout_basic, mainiacjoe_overflow_swirl, minmay_door_square

Skill      XL: |  1  2  3  4  5  6  7  8  9 10 |
---------------+-------------------------------+-----
Spellcasting   | 4 5 |  5.4
Conjurations   | 5 |  5.8
Hexes          | 2 5 7 8 |  8.4
Translocations | 2 4 5 7 |  7.0
Earth Magic    | 3 6 7 |  7.5
Armour         | 1 4 |  4.0
Dodging        | 4 7 8 |  8.1
Stealth        | |  2.4

Action                   |  1- 3 |  4- 6 |  7- 9 | 10-12 || total
-------------------------+-------+-------+-------+-------++-------
 Cast: Magic Dart        |    49 |    89 |    56 |     8 ||   202
       Searing Ray       |     1 |    24 |    33 |     6 ||    64
       Iskenderun's Myst |       |       |     8 |     2 ||    10
       Sandblast         |       |       |    44 |     1 ||    45
       Fulminant Prism   |       |       |    29 |     1 ||    30
  Use: Scroll            |       |     5 |     1 |     1 ||     7
Armor: Robe              |     1 |    15 |    11 |       ||    27
       Troll leather arm |       |       |     1 |     7 ||     8
Dodge: Dodged            |     1 |    34 |    44 |    11 ||    90
